 Dungeon Crawl Stone Soup version 0.31-a0-981-geadf994542 (console) character file.

Game seed: 5170412441430436014

1765723 Flugkiller the Ninja (level 26, 235/235 HPs)
             Began as a Vampire Artificer on Oct 31, 2023.
             Was a High Priest of Wu Jian.
             Escaped with the Orb
             ... and 3 runes on Nov 1, 2023!
             The game lasted 04:16:47 (62193 turns).

Flugkiller the Ninja (Vampire Artificer)           Turns: 62193, Time: 04:16:48

Health: 235/235    AC: 19    Str:  9    XL:     26   Next: 49%
Magic:  41/41      EV: 49    Int: 29    God:    Wu Jian [*****.]
Gold:   6557       SH: 15    Dex: 42    Spells: 4/43 levels left

rFire   + + .        a - +9 quick blade (elec)
rCold   + . .        y - +6 buckler of Repulsion {Str+4}
rNeg    . . .        L - +5 moon troll leather armour {Spirit, Regen++ MP+5}
rPois   .            I - +2 hat
rElec   .            M - +1 cloak of Sahotis {Int+6}
rCorr   .            Z - +2 pair of gloves
SInv    +            k - +0 pair of boots of the Storm King {rF+ Int+3}
Will    ++++.        p - amulet "Xotosets" {RegenMP rC+ Regen+ Int+2}
Stlth   ++++         N - +6 ring of dexterity
HPRegen 3.19/turn    T - ring of Xom's Ringing Laughter {Will+ Str-4 Int+4 Dex+6 Slay+3}
MPRegen 0.67/turn

%: guardian spirit
@: healing quickly, studying Armour
A: alive, fangs 3, see invisible, vampiric 2, agile 2, deterioration 1, fire
resistance 1, strong-willed 1, weak 1, wild magic 1
0: Orb of Zot
}: 3/15 runes: decaying, serpentine, silver
a: Exsanguinate, Renounce Religion, Wall Jump, Serpent's Lash, Heavenly Storm


You escaped.
You worshipped Wu Jian.
Wu Jian was extremely pleased with you.
You visited 10 branches of the dungeon, and saw 48 of its levels.
You also visited: Trove, Bailey, Ice Cave and Wizlab.

You collected 9157 gold pieces.
You spent 2600 gold pieces at shops.

Inventory:

Hand Weapons
 a - a +9 quick blade of electrocution (weapon)
   (You found it in a treasure trove)
 b - the +8 arc blade {discharge, rElec}
   (You took it off a deep elf demonologist on level 3 of the Elven Halls)

   rElec:     It insulates you from electricity.
Missiles
 J - 14 curare-tipped darts
 W - 5 throwing nets
Armour
 k - the +0 pair of boots of the Storm King (worn) {rF+ Int+3}
   (You found it on level 3 of the Elven Halls)

   Int+3:     It affects your intelligence (+3).
   rF+:       It protects you from fire.
 r - the +8 pearl dragon scales of Muotz {rN+ Regen+ Str+2 Int+3}
   (You took it off a deep elf blademaster on level 3 of the Elven Halls)

   Str+2:     It affects your strength (+2).
   Int+3:     It affects your intelligence (+3).
   rN+:       It protects you from negative energy.
   Regen+:    It increases your rate of health regeneration.
 y - the +6 buckler of Repulsion (worn) {Str+4}
   (You took it off a hell knight on level 5 of the Vaults)

   Str+4:     It affects your strength (+4).
 I - a +2 hat (worn)
   (You found it on level 2 of the Dungeon)
 L - the +5 moon troll leather armour (worn) {Spirit, Regen++ MP+5}
   (You took it off a moon troll in a wizard's laboratory)

   MP+5:      It affects your magic capacity (+5).
   Regen++:   It increases your rate of health regeneration.
 M - the +1 cloak of Sahotis (worn) {Int+6}
   (You found it on level 1 of the Depths)

   Int+6:     It affects your intelligence (+6).
 Z - a +2 pair of gloves (worn)
   (You found it on level 3 of the Lair of Beasts)
Jewellery
 l - a +5 ring of evasion
   (You found it in an ice cave)
 m - the ring of Fosseg {Will+ SInv}
   (You took it off a vault warden on level 5 of the Vaults)

   [ring of see invisible]

   Will+:     It increases your willpower.
   SInv:      It lets you see invisible.
 o - the ring "Atiaz" {rPois rC+ MP+9 Int+4}
   (You took it off Tiamat on level 3 of the Realm of Zot)

   [ring of magical power]

   Int+4:     It affects your intelligence (+4).
   rC+:       It protects you from cold.
   rPois:     It protects you from poison MP+9: It affects your magic capacity
   (+9).
 p - the amulet "Xotosets" (around neck) {RegenMP rC+ Regen+ Int+2}
   (You found it on level 2 of the Snake Pit)

   [amulet of magic regeneration]

   RegenMP:   It increases your rate of magic regeneration.
   Int+2:     It affects your intelligence (+2).
   rC+:       It protects you from cold.
   Regen+:    It increases your rate of health regeneration.
 E - a ring of wizardry
   (You took it off a draconian scorcher on level 2 of the Realm of Zot)
 N - a +6 ring of dexterity (left hand)
   (You found it on level 4 of the Snake Pit)
 T - the ring of Xom's Ringing Laughter (right hand) {Will+ Str-4 Int+4 Dex+6 Slay+3}
   (You found it in a wizard's laboratory)

   [ring of dexterity]

   Str-4:     It affects your strength (-4).
   Int+4:     It affects your intelligence (+4).
   Dex+6:     It affects your dexterity (+6).
   Slay+3:    It affects your accuracy & damage with ranged weapons and melee
   (+3).
   Will+:     It increases your willpower.
Wands
 B - a wand of acid (14)
   (You found it on level 3 of the Elven Halls)
 C - a wand of roots (49)
   (You found it on level 14 of the Dungeon)
 H - a wand of mindburst (25)
   (You took it off Joseph on level 8 of the Dungeon)
 O - a wand of polymorph (5)
   (You found it on level 5 of the Vaults)
 X - a wand of charming (46)
 Y - a wand of digging (22)
   (You found it on level 5 of the Lair of Beasts)
Scrolls
 f - 5 scrolls of silence
 g - 6 scrolls of summoning
 j - 11 scrolls of vulnerability
 s - 5 scrolls of fog
 t - 2 scrolls of teleportation
 u - 8 scrolls of immolation
 z - 6 scrolls of blinking
 F - 6 scrolls of enchant armour
 G - 9 scrolls of poison
 R - 8 scrolls of fear
 V - a scroll of revelation
Potions
 d - a potion of might
 h - 2 potions of haste
 i - 6 potions of ambrosia
 n - 4 potions of resistance
 q - 21 potions of curing
 v - 2 potions of invisibility
 w - 7 potions of heal wounds
 x - 13 potions of mutation
 D - 8 potions of brilliance
 K - 4 potions of enlightenment
 P - 6 potions of attraction
 Q - 2 potions of cancellation
 S - 2 potions of magic
Miscellaneous
 c - a lightning rod (4/4)
   (You found it on level 3 of the Swamp)
 e - a phial of floods
   (You found it on level 2 of the Snake Pit)
 A - a phantom mirror
   (You found it in an ice cave)
 U - a condenser vane
   (You found it on level 3 of the Lair of Beasts)


   Skills:
 - Level 25.2 Fighting
 - Level 14.0 Short Blades
 - Level 14.0 Armour
 - Level 24.5 Dodging
 O Level 27 Stealth
 - Level 6.0 Shields
 - Level 9.0 Spellcasting
 O Level 27 Hexes
 - Level 8.0 Summonings
 - Level 2.0 Ice Magic
 + Level 14.2 Evocations


You had 4 spell levels left.
You knew the following spells:

 Your Spells              Type           Power      Damage    Failure   Level
a - Ensorcelled Hibernat  Hex/Ice        100%       N/A       1%          2
b - Confusing Touch       Hex            100%       N/A       1%          3
c - Summon Mana Viper     Hex/Summ       99%        N/A       1%          5
d - Cause Fear            Hex            60%        N/A       1%          4
e - Discord               Hex            60%        N/A       1%          8
f - Silence               Hex/Air        43%        N/A       1%          5
g - Enfeeble              Hex            60%        N/A       1%          7
h - Yara's Violent Unrav  Hex/Tmut       43%        3d17      1%          5

Your spell library contained the following spells:

 Spells                   Type           Power      Damage    Failure   Level
 Slow                     Hex            100%       N/A       1%          1
 Summon Small Mammal      Summ           100%       N/A       1%          1
 Jinxbite                 Hex            100%       N/A       1%          2
 Call Canine Familiar     Summ           67%        N/A       1%          3
 Dazzling Flash           Conj/Hex       100%       N/A       1%          3
 Inner Flame              Hex/Fire       87%        N/A       1%          3
 Sigil of Binding         Hex            100%       N/A       1%          3
 Summon Guardian Golem    Hex/Summ       99%        N/A       1%          3
 Tukima's Dance           Hex            100%       N/A       1%          3
 Anguish                  Hex/Necr       43%        N/A       1%          4
 Dimensional Bullseye     Hex/Tloc       43%        N/A       1%          4
 Fulminant Prism          Conj/Hex       43%        3d19      1%          4
 Apportation              Tloc           32%        N/A       12%         1
 Foxfire                  Conj/Fire      64%        2x1d7     12%         1
 Kiss of Death            Conj/Necr      64%        2d10      12%         1
 Necrotise                Necr           64%        1d7       12%         1
 Sandblast                Erth           32%        2d9       12%         1
 Shock                    Conj/Air       64%        1d7       12%         1
 Frozen Ramparts          Ice            64%        1d10      14%         3
 Summon Ice Beast         Ice/Summ       53%        N/A       14%         4
 Cigotuvi's Dreadful Rot  Necr/Pois/Air  32%        N/A       16%         2
 Lesser Beckoning         Tloc           32%        N/A       16%         2
 Passwall                 Tmut/Erth      13%        N/A       16%         2
 Poisonous Vapours        Pois/Air       32%        N/A       16%         2
 Static Discharge         Conj/Air       32%        3-5/arc   16%         2
 Sublimation of Blood     Necr           16%        N/A       16%         2
 Wereblood                Tmut           16%        N/A       16%         2
 Hailstorm                Conj/Ice       24%        3d7       21%         3
 Animate Armour           Summ/Erth      94%        N/A       21%         4
 Summon Lightning Spire   Summ/Air       47%        N/A       21%         4
 Gell's Gravitas          Tloc           16%        N/A       30%         3
 Ignite Poison            Fire/Tmut/Pois 16%        N/A       30%         3
 Mephitic Cloud           Conj/Pois/Air  16%        N/A       30%         3
 Stone Arrow              Conj/Erth      32%        3d9       30%         3
 Swiftness                Air            16%        N/A       30%         3
 Teleport Other           Tloc           16%        N/A       30%         3
 Vampiric Draining        Necr           16%        2d7       30%         3
 Volatile Blastmotes      Fire/Tloc      32%        2d12      30%         3
 Airstrike                Air            8%         2d(2-18)  67%         4
 Animate Dead             Necr           16%        N/A       67%         4
 Brom's Barrelling Bould  Conj/Erth      16%        2d4       67%         4
 Dispel Undead            Necr           16%        3d10      67%         4
 Flame Wave               Conj/Fire      16%        2d7       67%         4
 Iskenderun's Mystic Bla  Conj/Tloc      16%        2d5       67%         4
 Olgreb's Toxic Radiance  Pois           16%        N/A       67%         4
 Passage of Golubria      Tloc           16%        N/A       67%         4
 Petrify                  Tmut/Erth      16%        N/A       67%         4
 Sticky Flame             Conj/Fire      16%        2d4       67%         4
 Metabolic Englaciation   Hex/Ice        45%        N/A       1%          5
 Summon Forest            Summ/Tloc      23%        N/A       45%         5
 Summon Cactus Giant      Summ           33%        N/A       47%         6
 Freezing Cloud           Conj/Ice/Air   10%        6-21      89%         5
 Agony                    Necr           16%        N/A       94%         5
 Alistair's Intoxication  Tmut/Pois      10%        N/A       94%         5
 Borgnjor's Vile Clutch   Necr/Erth      8%         N/A       94%         5
 Fireball                 Conj/Fire      8%         3d6       94%         5
 Irradiate                Conj/Tmut      8%         3d14      94%         5
 Iskenderun's Battlesphe  Conj           16%        2d7       94%         5
 Lee's Rapid Deconstruct  Erth           8%         3d7*      94%         5
 Monstrous Menagerie      Summ           33%        N/A       96%         7
 Summon Hydra             Summ           33%        N/A       96%         7
 Bombard                  Conj/Erth      8%         9d2       100%        6
 Conjure Ball Lightning   Conj/Air       8%         3x3d6     100%        6
 Death Channel            Necr           8%         N/A       100%        6
 Dispersal                Tloc           8%         N/A       100%        6
 Eringya's Noxious Bog    Tmut/Pois      8%         4d6       100%        6
 Plasma Beam              Fire/Air       8%         2x1d18    100%        6
 Simulacrum               Ice/Necr       12%        N/A       100%        6
 Starburst                Conj/Fire      8%         6d4       100%        6
 Haunt                    Necr/Summ      23%        N/A       100%        7
 Malign Gateway           Summ/Tloc      23%        N/A       100%        7
 Orb of Destruction       Conj           8%         9d6       100%        7
 Spellforged Servitor     Conj/Summ      23%        N/A       100%        7
 Disjunction              Tloc           8%         N/A       100%        8
 Ignition                 Fire           8%         3d5       100%        8
 Lehudib's Crystal Spear  Conj/Erth      8%         10d3      100%        8
 Maxwell's Capacitive Co  Air            8%         ∞         100%        8
 Summon Horrible Things   Summ           33%        N/A       100%        8
 Dragon's Call            Summ           33%        N/A       100%        9
 Borgnjor's Revivificati  Necr           Unusable   N/A       N/A         8
 Death's Door             Necr           Unusable   N/A       N/A         9

Dungeon Overview and Level Annotations

Branches:
Dungeon (15/15)            Temple (1/1) D:6            Lair (5/5) D:9
  Swamp (4/4) Lair:2        Snake (4/4) Lair:2        Slime (0/5) Lair:4
    Orc (2/2) D:10            Elf (3/3) Orc:2        Vaults (5/5) D:14
  Crypt (0/3) Vaults:2     Depths (4/4) D:15            Zot (5/5) Depths:4
 Bailey (visited)           IceCv (visited)          WizLab (visited)

Altars:
Ashenzari
Cheibriados
Dithmenos
Fedhas
Gozag
Hepliaklqana
Kikubaaqudgha
Makhleb
Nemelex Xobeh
Okawaru
Qazlal
Ru
Sif Muna
Trog
Uskayaw
Vehumet
Wu Jian
Xom
Yredelemnul
Jiyva
Lugonu

Shops:
Orc:1 [   Orc:2 !?(:   Elf:1 :(   Elf:3 (   Snake:3 (:

Portals:
Hell: Depths:1 Depths:2 Depths:3 Depths:4
Abyss: D:5 Depths:1 Depths:3
Pandemonium: Depths:2
Ziggurat: Depths:3

Annotations:
D:5 2 transporters, Azuregosa's ghost, weakling OpDe
D:10 exclusion: hydra
D:11 2 runed translucent doors
D:15 6 transporters
Snake:2 Roxanne
Snake:3 2 transporters, exclusion: obsidian statue
Elf:2 1 runed translucent door
Depths:1 1 runed translucent door
Depths:4 2 runed translucent doors, Tenar's ghost, legendary BaHu
Zot:1 2 transporters


Innate Abilities, Weirdness & Mutations

Your natural rate of healing is accelerated.
You have razor-sharp teeth.
You have supernaturally acute eyesight. (SInv)
You are afflicted with vampirism and can become a bat while bloodless.
You are very agile. (Dex +8, Str/Int -2)
Your body sometimes deteriorates upon taking damage.
Your flesh is heat resistant. (rF+)
You are strong-willed. (Will+)
You are weak. (Str -2)
Your spells are a little harder to cast, but a little more powerful.


Message History

An Orb Guardian comes into view.
Casting: Enfeeble (mildly dangerous; 1% risk of failure)
Confirm with . or Enter, or press ? or * to list all spells.
Aiming: Enfeeble (mildly dangerous; 1% risk of failure)
Press: ? - help, Shift-Dir - straight line, f - Orb Guardian
Aim: an Orb Guardian (will inflict weakness, chance to daze and blind: 64%)
The Orb Guardian partially resists.
The Orb Guardian is enfeebled!
You lunge at the Orb Guardian, in a flurry of attacks.
You closely miss the Orb Guardian. You hit the Orb Guardian.
The Orb Guardian is lightly wounded.
You hit the Orb Guardian. You barely miss the Orb Guardian.
The Orb Guardian is lightly wounded.
The Orb Guardian completely misses you. You block the Orb Guardian's attack.
You puncture the Orb Guardian!
Lightning courses through the Orb Guardian!
You hit the Orb Guardian.
The Orb Guardian is heavily wounded.
You hit the Orb Guardian. Your bite misses the Orb Guardian.
You hit the Orb Guardian but do no damage.
Lightning courses through the Orb Guardian!
You bite the Orb Guardian, but do no damage.
The Orb Guardian is severely wounded.
You block the Orb Guardian's attack.
You hit the Orb Guardian. Your bite misses the Orb Guardian.
You closely miss the Orb Guardian.
You bite the Orb Guardian, but do no damage.
The Orb Guardian is severely wounded.
You block the Orb Guardian's attack.
You puncture the Orb Guardian! You bite the Orb Guardian.
You miss the Orb Guardian.
The Orb Guardian is almost dead.
You block the Orb Guardian's attack.
You puncture the Orb Guardian!
You kill the Orb Guardian!
The Council accepts your kill.
No target in view!
(D) Dungeon (T) Temple (L) Lair (S) Swamp (P) Snake Pit (M) Slime Pits (O) Orcish Mines (E) Elven Halls (V) Vaults (C) Crypt (U) Depths (H) Hell (Z) Zot
Where to? (Tab/Enter - D:1 @ (x,y), ? - help) Magic restored.
There is an open gate here.
There is a stone staircase leading up here.
You see here a potion of degeneration.
You climb upwards.
There is a stone staircase leading down here.
An Orb Guardian comes into view.
Casting: Enfeeble (mildly dangerous; 1% risk of failure)
Confirm with . or Enter, or press ? or * to list all spells.
Your hands begin to glow red.
The Orb Guardian completely misses you.
You spin and attack the Orb Guardian repeatedly.
You closely miss the Orb Guardian.
You hit the Orb Guardian but do no damage. x3
You bite the Orb Guardian, but do no damage.
You block the Orb Guardian's attack. x2
You spin and attack the Orb Guardian repeatedly.
You completely miss the Orb Guardian.
You bite the Orb Guardian, but do no damage.
You hit the Orb Guardian but do no damage.
You closely miss the Orb Guardian. Your bite misses the Orb Guardian.
You hit the Orb Guardian but do no damage.
The Orb Guardian barely misses you.
You spin and attack the Orb Guardian.
You hit the Orb Guardian but do no damage. x2
The Orb Guardian appears confused.
The Orb Guardian misses you. The Orb Guardian completely misses you.
You hit the Orb Guardian but do no damage.
Lightning courses through the Orb Guardian!
You bite the Orb Guardian, but do no damage.
You hit the Orb Guardian but do no damage.
Lightning courses through the Orb Guardian!!
The Orb Guardian is moderately wounded.
You catch the helpless Orb Guardian completely off-guard!
You perforate the Orb Guardian like a sieve!!!!
You kill the Orb Guardian!
The Council accepts your kill.
(D) Dungeon (T) Temple (L) Lair (S) Swamp (P) Snake Pit (M) Slime Pits (O) Orcish Mines (E) Elven Halls (V) Vaults (C) Crypt (U) Depths (H) Hell (Z) Zot
Where to? (Tab/Enter - D:1 @ (x,y), ? - help)
There is a stone staircase leading up here.
You climb upwards.
There is a stone staircase leading down here.
There is a stone staircase leading up here.
You climb upwards.
There is a stone staircase leading down here.
There is an open door here.
An orange demon comes into view.
There is a stone staircase leading up here.
You climb upwards.
There is a stone staircase leading down here.
(D) Dungeon (T) Temple (L) Lair (S) Swamp (P) Snake Pit (M) Slime Pits (O) Orcish Mines (E) Elven Halls (V) Vaults (C) Crypt (U) Depths (H) Hell (Z) Zot
Where to? (Tab/Enter - D:1 @ (x,y), ? - help)
There is a staircase leading out of the dungeon here.
Unknown command.
Press: ? - help, v - describe, . - travel A staircase leading out of the dungeon.
This square is covered in magical glow.
Unknown command.
Enter note: gg You have escaped!

#### ### #..##.# # #.###
##.###.## # #...###.......# ####
###.....###[..#### #...
#.....#####.(..# #...
#...##...#####.###### #...
#...##.....###......###...
#########..##........#####.......
..........##.........########....
..........##...♣.....##...###....
.........##.....@...#####..##....
.........##.........######....#..
.....###.##........##............
.....# #...###.....##............
#########..#####...##........)...
# #.........#####..........##..
#####...........###......######..
##...PP.............#....# #..
#.♣...P.##..##.##..#..#..## ###
PP...P.P..................#######
.♣....PP..#..#.##......#.......##


There were no monsters in sight!

Vanquished Creatures
  Tiamat (Zot:3)
  9 dread liches
  8 orbs of fire
  4 ancient liches (Zot:5)
  Mara (Swamp:3)
  Sojobo (Vaults:5)
  Bai Suzhen (Vaults:2)
  Saint Roka (Snake:2)
  2 Killer Klowns (Zot:5)
  A pandemonium lord (Zot:5)
  Vashnia (Snake:4)
  2 curse toes
  Nikola (Swamp:2)
  Norris (Vaults:2)
  13 golden dragons
  2 bone dragons
  5 electric golems
  Mlioglotl (Snake:4)
  2 hellephants
  4 liches
  14 tentacled monstrosities
  28 Orb Guardians
  A moon troll (WizLab)
  5 titans
  3 deep elf blademasters
  3 quicksilver dragons
  2 deep elf master archers (Elf:3)
  4 sphinxes
  An Executioner (Zot:1)
  8 death cobs
  Agnes (D:15)
  7 tentacled starspawn (WizLab)
  9 storm dragons
  Kirke (Snake:4)
  14 shadow dragons
  9 tengu reavers
  10 frost giants
  6 draconian monks
  11 fire giants
  19 vault wardens
  6 nagarajas
  2 deep elf elementalists (Elf:3)
  6 draconian knights
  3 iron dragons
  2 ghost moths
  Louise (Snake:1)
  A draconian scorcher (Zot:2)
  2 orc warlords (Orc:1)
  7 draconian shifters
  5 war gargoyles
  7 deep elf sorcerers
  5 draconian annihilators
  A draconian stormcaller (Zot:1)
  16 ironbound preservers
  8 spriggan defenders
  2 cacodemons (WizLab)
  3 vampire knights
  An eleionoma (Swamp:4)
  A formless jellyfish (Vaults:2)
  A reaper (Zot:4)
  22 stone giants
  25 very ugly things
  7 deep elf demonologists
  10 ironbound thunderhulks
  7 green draconians
  13 yellow draconians
  6 red draconians
  5 white draconians
  7 deep elf annihilators (Elf:3)
  Azrael (D:13)
  9 black draconians
  The ghost of Butsoxze the Cruncher, a journeyman DjGl of Gozag (Lair:3)
  5 bunyips
  8 purple draconians
  6 dire elephants
  3 spark wasps (Depths:4)
  7 deep elf death magi
  A blizzard demon (Depths:2)
  2 crystal guardians
  8 ettins
  10 yaktaur captains
  A shambling mangrove (Swamp:4)
  5 deep elf high priests
  A merfolk impaler (Depths:2)
  Josephine (Lair:5)
  A quicksilver dragon zombie (Vaults:2)
  An entropy weaver (Vaults:1)
  Fannar (D:11)
  12 great orbs of eyes
  20 fire dragons
  2 rakshasas (Depths:2)
  35 vault guards
  6 salamander tyrants
  14 ice dragons
  16 hydras
  9 ironbound frosthearts
  A ghost crab (Swamp:4)
  A catoblepas (Lair:3)
  2 peacekeepers
  4 ogre magi
  12 anacondas
  3 alligators
  6 centaur warriors
  A two-headed ogre (shapeshifter) (Vaults:5)
  33 dancing weapons
  19 naga warriors
  An anaconda (shapeshifter) (Vaults:5)
  6 boulder beetles
  13 two-headed ogres
  3 deep troll earth magi
  9 tengu warriors
  A deep troll shaman (Depths:2)
  26 hell knights
  An orc high priest (Orc:1)
  11 shock serpents
  12 naga sharpshooters
  7 spriggan berserkers
  11 spriggans
  2 occultists
  11 deep elf knights
  Sonja (D:11)
  A skyshark (shapeshifter) (Vaults:5)
  3 iron trolls
  A wretched star (WizLab)
  A soul eater (Depths:2)
  7 skysharks
  10 skeletal warriors
  3 salamander mystics
  A shadow wraith (Vaults:5)
  3 large abominations
  2 sixfirhies
  A sea snake (shapeshifter) (Vaults:4)
  2 death drakes (Swamp:3)
  3 goliath frogs
  2 storm dragon skeletons (D:15)
  4 flayed ghosts
  A death drake (shapeshifter) (Vaults:5)
  44 deep trolls
  11 glowing orange brains
  13 deep elf archers
  9 bog bodies
  A tengu zombie (Vaults:4)
  11 arcanists
  23 lindwurms
  14 naga ritualists
  3 orange crystal statues
  6 phantasmal warriors
  12 ironbound convokers
  7 swamp dragons
  4 spectral hydras (Swamp:3)
  9 goliath frog zombies (Swamp:3)
  14 deep elf zephyrmancers
  6 necromancers
  An alligator zombie (Swamp:3)
  A harpy (Vaults:2)
  12 mana vipers
  An orc knight (D:11)
  31 deep elf pyromancers
  9 cyclopes
  48 ugly things
  An oklob plant (Lair:4)
  An orc sorcerer (Orc:1)
  A faun (shapeshifter) (Depths:3)
  18 moths of wrath
  4 will-o-the-wisps
  6 elephants (Lair:1)
  A stone giant zombie (Vaults:4)
  2 manticores
  6 eyes of devastation (WizLab)
  30 salamanders
  Joseph (D:8)
  8 guardian serpents (Snake:4)
  15 naga magi
  A human skeleton (Vaults:4)
  28 black mambas
  20 vault sentinels
  3 gargoyles
  20 cane toads
  An unseen horror (D:12)
  Maggie (D:6)
  A hellion (Depths:4)
  5 freezing wraiths (IceCv)
  A rime drake (Lair:4)
  Jeremiah (Lair:1)
  35 yaktaurs
  An unseen horror (shapeshifter) (Depths:4)
  An anaconda simulacrum (IceCv)
  5 swamp worm zombies (Swamp:3)
  A tormentor (Depths:2)
  3 tengu conjurers
  7 komodo dragons
  A red devil (D:5)
  A guardian mummy (Vaults:3)
  4 golden dragon simulacra (IceCv)
  A bloated husk (Swamp:3)
  A queen bee (D:11)
  A polar bear (shapeshifter) (Depths:4)
  2 hydra zombies (Swamp:3)
  14 hornets
  2 spectral swamp dragons (Swamp:3)
  A polar bear (Lair:4)
  13 trolls
  9 tyrant leeches
  A hellwing (Zot:5)
  A blink frog (shapeshifter) (Depths:4)
  21 blink frogs
  2 alligator simulacra (IceCv)
  5 glass eyes
  Sigmund (D:6)
  35 slime creatures
  4 wyverns
  An air elemental (Elf:3)
  A spriggan (shapeshifter) (Vaults:5)
  6 wraiths
  7 water elementals
  A dire elephant simulacrum (IceCv)
  9 fire elementals
  2 hogs (Snake:4)
  3 fire bats (Swamp:4)
  An elf skeleton (Vaults:2)
  A tyrant leech zombie (Swamp:3)
  45 yaks
  2 redbacks (Vaults:1)
  Menkaure (D:6)
  12 vampire mosquitoes
  3 basilisks
  3 neqoxecs (WizLab)
  A steam dragon (Lair:2)
  2 harpy simulacra (IceCv)
  39 nagas
  3 wargs
  A hydra simulacrum (IceCv)
  2 hell hounds (D:13)
  14 swamp worms
  16 water moccasins
  6 acid dragons
  An ogre skeleton (Vaults:2)
  11 swamp drakes
  3 ettin simulacra (IceCv)
  2 ice beasts (D:6)
  A sky beast (D:8)
  19 orc warriors
  3 black bears
  A human zombie (Vaults:2)
  24 ogres
  An elf simulacrum (Vaults:2)
  16 wolves
  10 boggarts
  5 centaurs
  2 phantoms
  4 kobold brigands
  4 gnoll sergeants
  13 bullfrogs
  7 scorpions
  2 earth elementals
  5 wights (D:9)
  A lindwurm simulacrum (IceCv)
  A human simulacrum (Vaults:2)
  15 killer bees (D:11)
  2 spriggan zombies (Swamp:3)
  3 troll zombies (Swamp:3)
  5 electric eels
  A howler monkey (D:12)
  6 hounds (D:6)
  25 orc priests
  3 gnoll boudas
  5 jellies
  7 starcursed masses (WizLab)
  2 iguanas
  Natasha (twice) (D:3)
  23 orc wizards
  22 gnolls
  4 adders
  A white imp (D:7)
  2 worms
  2 dart slugs
  79 orcs
  6 bats
  10 endoplasms
  3 giant cockroaches
  11 goblins
  17 hobgoblins
  30 kobolds
  2 quokkas
  10 ball pythons
  3 frilled lizards
  4 rats
  2 spectral weapons
  3 starspawn tentacles (WizLab)
2094 creatures vanquished.

Vanquished Creatures (collateral kills)
  2 golden dragons
  An Orb Guardian (Zot:5)
  A titan (Vaults:5)
  A draconian monk (Zot:2)
  A shadow dragon (Zot:1)
  2 draconian knights
  2 draconian shifters
  4 draconian scorchers
  3 draconian annihilators
  A draconian stormcaller (Zot:2)
  3 green draconians
  7 yellow draconians
  6 purple draconians
  3 black draconians
  A red draconian (Zot:4)
  5 moths of wrath
43 creatures vanquished.

Vanquished Creatures (others)
  2 storm dragons
  3 draconian knights
  A draconian scorcher (Zot:5)
  A ghost moth (Zot:1)
  A draconian annihilator (Zot:1)
  A black draconian (Zot:1)
  A yellow draconian (Zot:1)
  2 green draconians (Zot:1)
  2 white draconians
  A stone giant skeleton (Vaults:2)
  2 moths of wrath
  4 bloated husks
  4 humans (Snake:4)
  4 swamp drakes (Swamp:4)
  An orc (D:2)
  2 foxfires (Swamp:4)
  15 spectral weapons
  5 starspawn tentacles (WizLab)
52 creatures vanquished.

Grand Total: 2189 creatures vanquished

Notes
Turn   | Place    | Note
-------+----------+-------------------------------------------
     0 | D:1      | Flugkiller the Vampire Artificer began the quest for the
                  | Orb.
     0 | D:1      | Reached XP level 1. HP: 14/14 MP: 1/1
   109 | D:1      | Reached skill level 1 in Fighting
   262 | D:1      | Reached XP level 2. HP: 22/22 MP: 2/2
   967 | D:2      | Gained mutation: You are afflicted with vampirism and can
                  | become a bat while bloodless. [Vampire growth]
   967 | D:2      | Reached XP level 3. HP: 25/27 MP: 3/3
  1446 | D:3      | Noticed Natasha
  1497 | D:2      | Reached skill level 1 in Short Blades
  1530 | D:2      | HP: 1/29 [orc/+0 heavy flail (5)]
  1551 | D:2      | Reached XP level 4. HP: 11/35 MP: 4/4
  2435 | D:3      | Found a faded altar of an unknown god.
  2740 | D:3      | Reached XP level 5. HP: 39/39 MP: 5/5
  2817 | D:3      | Killed Natasha
  3039 | D:3      | Noticed Natasha
  3048 | D:3      | Killed Natasha
  3321 | D:4      | Reached XP level 6. HP: 31/48 MP: 6/6
  3621 | D:4      | Reached skill level 1 in Armour
  4360 | D:5      | Entered Level 5 of the Dungeon
  4447 | D:5      | Reached XP level 7. HP: 53/55 MP: 7/7
  4543 | D:5      | Noticed a small abomination
  4545 | D:5      | Found a one-way gate to the infinite horrors of the Abyss.
  4546 | D:5      | Noticed Azuregosa's ghost (weakling OpDe)
  4780 | D:5      | Found a transporter.
  4787 | D:5      | Found a transporter.
  5193 | D:5      | Reached skill level 5 in Short Blades
  5560 | D:6      | Noticed a wraith
  5678 | D:6      | Reached skill level 5 in Fighting
  5729 | D:6      | Identified the +8 short sword "Undertaker" {spect, Fly
                  | MP+9}
  5735 | D:6      | wow
  5756 | D:6      | Noticed Maggie
  5761 | D:6      | Noticed Sigmund
  5772 | D:6      | Killed Maggie
  5773 | D:6      | Reached XP level 8. HP: 37/64 MP: 8/8
  5780 | D:6      | Killed Sigmund
  6255 | D:6      | Reached skill level 1 in Shields
  6260 | D:6      | Reached skill level 5 in Dodging
  6279 | D:6      | Reached XP level 9. HP: 64/69 MP: 9/9
  6423 | D:6      | Noticed Menkaure
  6430 | D:6      | Killed Menkaure
  6441 | D:6      | Identified the staff of Annoyance {rElec Int+3 Air}
  6654 | D:6      | Found a staircase to the Ecumenical Temple.
  6698 | D:6      | Reached skill level 5 in Stealth
  6722 | D:6      | Noticed a gargoyle
  6742 | D:6      | Killed a gargoyle
  7401 | D:7      | Found a flagged portal.
  7408 | Bailey   | Entered a bailey
  7414 | Bailey   | Noticed an orc knight
  7470 | Bailey   | Noticed an orc knight
  7585 | Bailey   | Identified the +5 orcbow "Aqecoi Temek" {drain, rCorr}
  8053 | D:7      | Found a sparkling altar of Nemelex Xobeh.
  8174 | D:7      | Reached XP level 10. HP: 56/76 MP: 10/10
  8218 | Temple   | Entered the Ecumenical Temple
  8232 | Temple   | Became a worshipper of the Wu Jian Council
  8902 | D:8      | Reached skill level 10 in Short Blades
  9171 | D:8      | Identified the +2 ring mail "Canulez" {rElec Will+}
  9259 | D:8      | Noticed Joseph
  9582 | D:8      | Killed Joseph
  9900 | D:9      | Found a hide-covered altar of Uskayaw.
 10255 | D:9      | Reached * piety under Wu Jian
 10263 | D:9      | Found a staircase to the Lair.
 10453 | Lair:1   | Entered Level 1 of the Lair of Beasts
 10501 | D:10     | Entered Level 10 of the Dungeon
 10551 | D:10     | Noticed a seven-headed hydra
 10893 | D:10     | Found a staircase to the Orcish Mines.
 10928 | D:10     | Reached ** piety under Wu Jian
 11186 | D:11     | Noticed a gargoyle
 11188 | D:11     | Killed a gargoyle
 11227 | D:11     | Found a large runed translucent door.
 11227 | D:11     | Found a large runed translucent door.
 11243 | D:11     | Noticed a boulder beetle
 11248 | D:11     | Noticed a cyclops
 11261 | D:11     | Killed a cyclops
 11266 | D:11     | Noticed a cyclops
 11270 | D:11     | Killed a cyclops
 11271 | D:11     | Reached XP level 11. HP: 59/85 MP: 11/11
 11271 | D:11     | Noticed an arcanist
 11279 | D:11     | Killed an arcanist
 11280 | D:11     | Reached skill level 10 in Dodging
 11283 | D:11     | Noticed a boulder beetle
 11315 | D:11     | Noticed a red ugly thing
 11326 | D:11     | Killed a red ugly thing
 11429 | D:11     | Noticed Sonja
 11435 | D:11     | Killed Sonja
 11615 | D:11     | Noticed a two-headed ogre
 11865 | D:11     | Found a large runed translucent door.
 11865 | D:11     | Found a large runed translucent door.
 11899 | D:11     | Killed a two-headed ogre
 11978 | D:11     | Reached *** piety under Wu Jian
 11988 | D:11     | Reached skill level 5 in Evocations
 12152 | D:11     | Noticed a two-headed ogre
 12155 | D:11     | Identified the ring of Umuplol {Fire rElec}
 12165 | D:11     | Killed a two-headed ogre
 12213 | D:11     | Noticed an orc knight
 12215 | D:11     | Killed an orc knight
 12310 | D:11     | Noticed Fannar
 12315 | D:11     | Killed Fannar
 12385 | D:11     | Killed a boulder beetle
 12386 | D:11     | Reached skill level 10 in Fighting
 12395 | D:11     | Killed a boulder beetle
 12396 | D:11     | Reached XP level 12. HP: 86/97 MP: 12/12
 12521 | Lair:1   | Noticed a boulder beetle
 12560 | Lair:1   | Killed a boulder beetle
 12757 | Lair:1   | Noticed Jeremiah
 12762 | Lair:1   | Learned a level 2 spell: Ensorcelled Hibernation
 12769 | Lair:1   | Killed Jeremiah
 12770 | Lair:1   | Reached skill level 1 in Hexes
 12773 | Lair:1   | Reached skill level 1 in Ice Magic
 12871 | Lair:1   | Reached skill level 1 in Spellcasting
 13143 | Lair:1   | Reached skill level 5 in Hexes
 13157 | Lair:1   | Reached skill level 10 in Stealth
 13214 | Lair:1   | You are sucked into a shaft and drop 1 floor!
 13758 | Lair:2   | Noticed a seven-headed hydra
 13788 | Lair:2   | Killed a seven-headed hydra
 13807 | Lair:2   | Reached **** piety under Wu Jian
 13976 | Lair:2   | Found a staircase to the Snake Pit.
 14139 | Lair:2   | Found the +15 Maxwell's patent armour {-Cast -Tele rElec
                  | Will+ rCorr}
 14273 | Lair:2   | Found a staircase to the Swamp.
 14296 | Lair:2   | Reached XP level 13. HP: 101/105 MP: 14/14
 14403 | Lair:2   | Reached ***** piety under Wu Jian
 15109 | Lair:3   | Found a runed translucent gate.
 15110 | Lair:3   | Found a runed translucent gate.
 15110 | Lair:3   | Noticed Butsoxze's ghost (journeyman DjGl)
 15111 | Lair:3   | Found a runed translucent gate.
 15114 | Lair:3   | Found a viscous altar of Jiyva.
 15289 | Lair:3   | Reached skill level 5 in Armour
 15606 | Lair:3   | Killed Butsoxze's ghost
 15881 | Lair:4   | Identified the +0 mace of the Revolution {freeze, Int+6}
 15888 | Lair:4   | Found a staircase to the Slime Pits.
 16628 | Lair:4   | Learned a level 3 spell: Confusing Touch
 16642 | Lair:5   | Entered Level 5 of the Lair of Beasts
 16864 | Lair:5   | Reached skill level 10 in Hexes
 17158 | Lair:5   | Noticed Josephine
 17268 | Lair:5   | Killed Josephine
 17268 | Lair:5   | Reached XP level 14. HP: 115/115 MP: 15/15
 17309 | Lair:5   | Found an opulent altar of Gozag.
 17324 | Lair:5   | Reached ****** piety under Wu Jian
 17616 | Lair:5   | Identified the +4 lajatang of the Unliving {pain, Fragile
                  | rC+ rN++ Str+3}
 17637 | Lair:5   | Identified the +11 morningstar of the Living Dead {protect,
                  | rN+ Str+4 Int-5 Stlth+}
 18268 | D:12     | Reached skill level 15 in Stealth
 18783 | D:13     | Noticed Azrael
 18818 | D:13     | Killed Azrael
 19097 | D:13     | Identified the +4 scale mail of Vlad {Int+4}
 19679 | D:14     | Identified the +7 falchion of Putrescence {flame, rN+
                  | Dex+6}
 19717 | D:14     | Found a gate to the Vaults.
 19934 | D:14     | Found a sparkling altar of Nemelex Xobeh.
 20362 | D:15     | Entered Level 15 of the Dungeon
 20387 | D:15     | Found a transporter.
 20390 | D:15     | Found a transporter.
 20462 | D:15     | Found a staircase to the Depths.
 20540 | D:15     | Found a transporter.
 20568 | D:15     | Found a transporter.
 20831 | D:15     | Found a transporter.
 20833 | D:15     | Found a transporter.
 20976 | D:15     | Reached XP level 15. HP: 113/122 MP: 16/16
 21048 | D:15     | Noticed Agnes
 21053 | D:15     | Killed Agnes
 21338 | Orc:1    | Entered Level 1 of the Orcish Mines
 21339 | Orc:1    | Found Nypto's Antique Armour Shop.
 21967 | Orc:2    | Entered Level 2 of the Orcish Mines
 21967 | Orc:2    | Found a staircase to the Elven Halls.
 22978 | Orc:2    | Found Ilumesa's Distillery.
 22983 | Orc:2    | Found Ubzb's Magic Scroll Shop.
 23009 | Orc:2    | Bought a potion of heal wounds for 75 gold pieces
 23011 | Orc:2    | Found Kuzeholy's Antique Weapon Emporium.
 23012 | Orc:2    | Found Hezul's Book Shoppe.
 23018 | Orc:2    | Bought a scroll of teleportation for 30 gold pieces
 23018 | Orc:2    | Bought a scroll of summoning for 95 gold pieces
 23146 | Orc:2    | Bought a manual of Stealth for 1280 gold pieces
 23297 | Snake:1  | Entered Level 1 of the Snake Pit
 23686 | Snake:1  | Noticed Louise
 23689 | Snake:1  | Killed Louise
 24726 | Snake:2  | Reached XP level 16. HP: 119/129 MP: 17/17
 24961 | Snake:2  | Found a transporter.
 25416 | Snake:2  | Noticed Saint Roka
 25752 | Snake:2  | Noticed Roxanne
 25786 | Snake:2  | Found a transporter.
 25788 | Snake:2  | Found the +8 trishula "Condemnation" {holy, anguish, *Noise
                  | Fly rN+}
 25959 | Snake:2  | Killed Saint Roka
 26378 | Snake:2  | Gained mutation: Your body sometimes deteriorates upon
                  | taking damage. [mutagenic glow]
 26397 | Snake:2  | Gained mutation: You are weak. (Str -2) [mutagenic glow]
 26488 | Snake:2  | Identified the ring of the Present {Ice rElec rPois Str-5
                  | Slay+6}
 26500 | Snake:2  | Identified the amulet "Xotosets" {RegenMP rC+ Regen+ Int+2}
 26545 | Snake:2  | Lost mutation: You are weak. (Str -2) [potion of mutation]
 26545 | Snake:2  | Lost mutation: Your body sometimes deteriorates upon taking
                  | damage. [potion of mutation]
 26545 | Snake:2  | Gained mutation: Your flesh is heat resistant. (rF+)
                  | [potion of mutation]
 26545 | Snake:2  | Gained mutation: You occasionally lose the ability to drink
                  | potions when taking damage. [potion of mutation]
 26546 | Snake:2  | Lost mutation: Your flesh is heat resistant. (rF+) [potion
                  | of mutation]
 26546 | Snake:2  | Lost mutation: You occasionally lose the ability to drink
                  | potions when taking damage. [potion of mutation]
 26546 | Snake:2  | Gained mutation: You have hidden genetic potential. [potion
                  | of mutation]
 26546 | Snake:2  | Gained mutation: Your spells are a little harder to cast,
                  | but a little more powerful. [potion of mutation]
 27044 | Snake:3  | Found Paddem's Book Boutique.
 27103 | Snake:3  | Reached skill level 27 in Stealth
 27213 | Snake:3  | Found Guymaj's Weapon Boutique.
 27288 | Snake:3  | Identified the +9 hand axe "Faibruidwa" {heavy, *Slow rF+++
                  | Will- rCorr}
 27309 | Snake:3  | Found a shadowy altar of Dithmenos.
 27397 | Snake:3  | Found a transporter.
 27450 | Snake:3  | Found a transporter.
 27820 | Snake:4  | Entered Level 4 of the Snake Pit
 27835 | Snake:4  | Found a frozen archway.
 28042 | IceCv    | Entered an ice cave
 28073 | IceCv    | Reached skill level 15 in Dodging
 28331 | IceCv    | Identified the amulet "Umeor" {RegenMP rC+ rN+ Slay-3}
 28423 | Snake:4  | Reached XP level 17. HP: 122/139 MP: 18/18
 28532 | Snake:4  | Noticed Mlioglotl
 28535 | Snake:4  | Killed Mlioglotl
 29195 | Snake:4  | Gained mutation: You are agile. (Dex +4, Str/Int -1)
                  | [hidden potential]
 29567 | Snake:4  | Noticed Vashnia
 29667 | Snake:4  | Killed Vashnia
 29689 | Snake:4  | Noticed Kirke
 29863 | Snake:4  | Killed Kirke
 29953 | Snake:4  | Got a serpentine rune of Zot
 30144 | Swamp:1  | Entered Level 1 of the Swamp
 30705 | Swamp:2  | Noticed Nikola
 30713 | Swamp:2  | Killed Nikola
 31177 | Swamp:3  | Identified the "Vochotzo"
 31275 | Swamp:3  | Identified the ring of Lasamot {Will- rCorr Slay+3 Stlth+}
 31706 | Swamp:3  | Reached XP level 18. HP: 146/146 MP: 22/22
 31790 | Swamp:3  | Reached skill level 10 in Armour
 31893 | Swamp:3  | Identified the +3 shortbow of the Endless March {heavy,
                  | rElec Dex-3 Stlth+}
 32060 | Swamp:3  | Found a stormy altar of Qazlal.
 32172 | Swamp:3  | Noticed Mara
 32179 | Swamp:3  | Killed Mara
 32501 | Swamp:4  | Entered Level 4 of the Swamp
 33001 | Swamp:4  | Gained mutation: You are very agile. (Dex +8, Str/Int -2)
                  | [hidden potential]
 33001 | Swamp:4  | Lost mutation: You have hidden genetic potential. [hidden
                  | potential expressed]
 33250 | Swamp:4  | Got a decaying rune of Zot
 33362 | Swamp:4  | Noticed a tentacled monstrosity
 33382 | Swamp:4  | Killed a tentacled monstrosity
 33709 | WizLab   | Identified the "Eplent"
 33709 | Vaults:2 | Identified the "Jenabeew"
 33709 | Vaults:5 | Identified the "Binev"
 33709 | Elf:1    | Entered Level 1 of the Elven Halls
 33745 | Elf:1    | Found a radiant altar of Vehumet.
 34148 | Elf:1    | Found Noeptar's Weapon Shop.
 34445 | Elf:1    | Found Hiset's Tiny Tomes.
 34924 | Elf:2    | Found a runed translucent door.
 34950 | Elf:2    | Found a runed translucent door.
 35114 | Elf:2    | Identified the +7 chain mail "Nokluagg" {Drain rC+++ Int+6}
 35429 | Elf:2    | Reached skill level 15 in Fighting
 35587 | Elf:2    | Reached XP level 19. HP: 155/155 MP: 23/23
 35815 | Elf:3    | Entered Level 3 of the Elven Halls
 35854 | Elf:3    | Found Osimavan's Antique Weapon Boutique.
 36969 | Elf:3    | Identified the +4 hand axe "Embalmer" {pain, Fragile +Blink
                  | Int+2}
 36982 | Elf:3    | Identified the +8 pearl dragon scales of Muotz {rN+ Regen+
                  | Str+2 Int+3}
 37209 | Elf:3    | Identified the +10 falchion of Chance {flame, rElec rC+
                  | Str+5}
 37231 | Elf:3    | Identified the +3 war axe "Jecedono" {heavy, *Rage rPois
                  | Str+7 Stlth+}
 37512 | Elf:3    | Identified the +0 pair of boots of the Storm King {rF+
                  | Int+3}
 37602 | Elf:3    | Identified the +0 leather armour of Spring Thaw {rCorr
                  | Str+3 Stlth+}
 37904 | Vaults:1 | Entered Level 1 of the Vaults
 38054 | Vaults:1 | Found a magical portal.
 38069 | WizLab   | Entered Lehudib's Moon Base
 38103 | WizLab   | Found a transporter.
 38340 | WizLab   | Gained mutation: Your flesh is heat resistant. (rF+) [a
                  | cacodemon]
 38475 | WizLab   | Identified the ring of Xom's Ringing Laughter {Will+ Str-4
                  | Int+4 Dex+6 Slay+3}
 38618 | WizLab   | Reached XP level 20. HP: 168/168 MP: 24/24
 38696 | WizLab   | Found a transporter.
 40460 | Vaults:2 | Noticed Norris
 40475 | Vaults:2 | Killed Norris
 40476 | Vaults:2 | Reached skill level 5 in Spellcasting
 40664 | Vaults:2 | Reached skill level 15 in Hexes
 40775 | Vaults:2 | Learned a level 5 spell: Summon Mana Viper
 40805 | Vaults:2 | Reached skill level 1 in Summonings
 40853 | Vaults:2 | Noticed a bone dragon
 40855 | Vaults:2 | Found a staircase to the Crypt.
 40880 | Vaults:2 | Killed a bone dragon
 40993 | Vaults:2 | You fall into a shaft and drop 2 floors!
 41242 | Vaults:4 | Reached skill level 5 in Summonings
 42101 | Vaults:3 | Reached XP level 21. HP: 177/177 MP: 30/30
 42625 | Vaults:3 | Found a portal to a secret trove of treasure.
 43549 | Vaults:3 | You paid a toll of 15 scrolls of teleportation to enter a
                  | treasure trove
 43550 | Trove    | Entered a treasure trove
 43566 | Trove    | Identified the +7 dire flail "Ukkirriga" {freeze, rC+ Will+
                  | Str-5}
 43570 | Trove    | Identified the +6 dagger "Hyany" {flame, Int+2}
 43577 | Trove    | Identified the +5 rapier of the Bedazzled God {protect,
                  | rPois rCorr Str+2}
 44348 | Vaults:2 | Reached skill level 10 in Evocations
 44359 | Vaults:2 | Noticed Bai Suzhen
 44402 | Vaults:2 | Killed Bai Suzhen
 44407 | Vaults:2 | Reached skill level 5 in Shields
 44979 | Vaults:2 | Identified the ring "Zatsinaink" {rPois rC++ Int+6 Slay-6
                  | SInv}
 45176 | Depths:1 | Entered Level 1 of the Depths
 45389 | Depths:1 | Learned a level 4 spell: Cause Fear
 45468 | Depths:1 | Found a gateway to Hell.
 45635 | Depths:1 | Identified the +1 cloak of Sahotis {Int+6}
 46066 | Depths:1 | Found an iron altar of Okawaru.
 46342 | Depths:1 | Found a runed translucent door.
 46346 | Depths:1 | Found the +8 whip "Snakebite" {venom, curare, rPois}
 46594 | Depths:2 | Reached XP level 22. HP: 186/187 MP: 31/31
 47633 | Depths:2 | Found a one-way gate leading to the halls of Pandemonium.
 48280 | Depths:3 | Found a corrupted altar of Lugonu.
 48876 | Depths:3 | Found a one-way gateway to a ziggurat.
 49393 | Depths:3 | Learned a level 8 spell: Discord
 49399 | Depths:3 | Learned a level 5 spell: Silence
 49428 | Depths:4 | Entered Level 4 of the Depths
 49573 | Depths:4 | Found a large runed translucent door.
 49574 | Depths:4 | Found a large runed translucent door.
 49575 | Depths:4 | Noticed Tenar's ghost (legendary BaHu)
 51115 | Depths:4 | Reached XP level 23. HP: 194/196 MP: 32/32
 51144 | Depths:4 | Found a gate to the Realm of Zot.
 51883 | Vaults:5 | Entered Level 5 of the Vaults
 51883 | Vaults:5 | Noticed a dread lich
 51996 | Vaults:5 | Identified the +11 whip "Taruistri" {venom, *Corrode rElec
                  | Dex+3}
 51996 | Vaults:5 | Identified the ring "Satiucrioxo" {*Corrode rPois Str+6
                  | Dex+4 SInv}
 51996 | Vaults:5 | Identified the +9 dagger of Seisar {spect, rF+ rC+ Int+3}
 52136 | Vaults:5 | Identified the +4 long sword of Lauteusm {heavy, Stlth+}
 52227 | Vaults:5 | Noticed Sojobo
 52354 | Vaults:5 | Killed Sojobo
 52529 | Vaults:5 | Noticed a dread lich
 52570 | Vaults:5 | Paralysed by a sphinx for 2 turns
 52603 | Vaults:5 | Killed a dread lich
 52616 | Vaults:5 | Reached skill level 27 in Hexes
 52625 | Vaults:5 | Learned a level 7 spell: Enfeeble
 52984 | Vaults:5 | Identified the ring of Fosseg {Will+ SInv}
 53230 | Vaults:5 | Identified the +1 scale mail "Buoqakk" {Will+ Int+4}
 53274 | Vaults:5 | Got a silver rune of Zot
 53356 | Vaults:5 | Identified the +6 buckler of Repulsion {Str+4}
 53379 | Vaults:5 | Reached XP level 24. HP: 184/204 MP: 36/36
 53401 | Vaults:5 | Learned a level 5 spell: Yara's Violent Unravelling
 53473 | Vaults:5 | Identified the +6 mace of the Black Skies {drain, rElec rF-
                  | Int+2 Dex+6}
 53648 | Vaults:5 | Killed a dread lich
 53678 | Vaults:5 | Identified the +1 falchion of Dedeneitt {spect, rElec rC+
                  | SInv}
 54213 | Zot:1    | Entered Level 1 of the Realm of Zot
 54886 | Zot:1    | Found a transporter.
 55080 | Zot:1    | Found a transporter.
 55345 | Zot:2    | Identified the "Popsiy"
 57198 | Zot:3    | Identified the +9 quarterstaff of Defence {drain, rPois}
 57198 | Zot:3    | Found the +4 dragonskin cloak
 57198 | Zot:3    | Identified the ring "Atiaz" {rPois rC+ MP+9 Int+4}
 57198 | Zot:3    | Noticed Tiamat
 57321 | Zot:3    | Killed Tiamat
 57321 | Zot:3    | Reached XP level 25. HP: 211/217 MP: 35/36
 57437 | Zot:3    | Identified the +1 leather armour "Hacaecw" {rF+ rN++}
 57475 | Zot:3    | Identified the +5 halberd "Uvokkuwn" {drain, rN+}
 58146 | Snake:3  | Bought a manual of Fighting for 1120 gold pieces
 58715 | Zot:2    | Noticed an orb of fire
 58719 | Zot:2    | Found a transporter.
 58722 | Zot:2    | Found a radiant altar of Vehumet.
 58729 | Zot:2    | Noticed a dread lich
 58839 | Zot:2    | Noticed a dread lich
 58973 | Zot:2    | You fall into a shaft and drop 1 floor!
 59024 | Zot:2    | Found a transporter.
 59059 | Zot:2    | Killed an orb of fire
 59115 | Zot:2    | Killed a dread lich
 59137 | Zot:2    | Killed a dread lich
 59143 | Zot:2    | Noticed an orb of fire
 59143 | Zot:2    | Gained mutation: You are strong-willed. (Will+) [an orb of
                  | fire]
 59150 | Zot:2    | Gained mutation: Your body sometimes deteriorates upon
                  | taking damage. [an orb of fire]
 59164 | Zot:2    | Killed an orb of fire
 59236 | Zot:2    | Noticed an orb of fire
 59254 | Zot:2    | Killed an orb of fire
 59893 | Zot:5    | Entered Level 5 of the Realm of Zot
 60022 | Zot:5    | Found the +7 Kryia's mail coat {PotionHeal*2 rC+}
 60731 | Zot:5    | Noticed a dread lich
 60751 | Zot:5    | Killed a dread lich
 60821 | Zot:5    | Noticed an ancient lich
 60832 | Zot:5    | Killed an ancient lich
 60874 | Zot:5    | Noticed an ancient lich
 60899 | Zot:5    | Killed an ancient lich
 60908 | Zot:5    | Noticed a Killer Klown
 60913 | Zot:5    | Killed a Killer Klown
 60946 | Zot:5    | Noticed a dread lich
 60954 | Zot:5    | Noticed an orb of fire
 60965 | Zot:5    | Killed a dread lich
 60978 | Zot:5    | Killed an orb of fire
 60990 | Zot:5    | Noticed an orb of fire
 60990 | Zot:5    | Noticed an orb of fire
 60990 | Zot:5    | Gained mutation: You are weak. (Str -2) [an orb of fire]
 61099 | Zot:5    | Noticed a Killer Klown
 61106 | Zot:5    | Killed a Killer Klown
 61109 | Zot:5    | Noticed an orb of fire
 61117 | Zot:5    | Reached XP level 26. HP: 189/235 MP: 20/36
 61128 | Zot:5    | Killed an orb of fire
 61132 | Zot:5    | Noticed an ancient lich
 61141 | Zot:5    | Killed an ancient lich
 61146 | Zot:5    | Noticed a dread lich
 61148 | Zot:5    | Noticed a dread lich
 61149 | Zot:5    | Noticed an orb of fire
 61150 | Zot:5    | Identified the amulet "Numnif" {Acrobat Fly rF+ Str+3}
 61156 | Zot:5    | Killed a dread lich
 61157 | Zot:5    | Killed a dread lich
 61162 | Zot:5    | Killed an orb of fire
 61190 | Zot:5    | Noticed a dread lich
 61197 | Zot:5    | Noticed an ancient lich
 61198 | Zot:5    | Killed an orb of fire
 61202 | Zot:5    | Killed a dread lich
 61209 | Zot:5    | Killed an orb of fire
 61222 | Zot:5    | Killed an ancient lich
 61489 | Zot:5    | Got the Orb of Zot
 61544 | Zot:5    | Noticed Xuxeuf the pandemonium lord
 61570 | Zot:5    | Killed Xuxeuf the pandemonium lord
 62192 | D:1      | gg
 62193 | D:$      | Escaped with the Orb!

Illustrated notes #...........# #...........# ##'#######..# #..##..###..# #..<.....#..# #........#..# #........#..# #........#..# #..##.####..# #..##.####..# #......@....# #...........# #.....##....# #.....##....# ###+####....# #....# ###### Turn 5735 on D:6: wow

#### ### #..##.# # #.###
##.###.## # #...###.......# ####
###.....###[..#### #...
#.....#####.(..# #...
#...##...#####.###### #...
#...##.....###......###...
#########..##........#####.......
..........##.........########....
..........##...♣.....##...###....
.........##.....@...#####..##....
.........##.........######....#..
.....###.##........##............
.....# #...###.....##............
#########..#####...##........)...
# #.........#####..........##..
#####...........###......######..
##...PP.............#....# #..
#.♣...P.##..##.##..#..#..## ###
PP...P.P..................#######
.♣....PP..#..#.##......#.......##


Turn 62192 on D:1: gg

Levels and vault maps discovered:
D:1:      spicycebolla_green_bress_n_ham, layout_rooms, serial_forest,
          infiniplex_forest_zigzag_2, infiniplex_forest_lined_3,
          infiniplex_forest_clump_small, infiniplex_forest_clump_C,
          infiniplex_forest_end_1, infiniplex_forest_straight_4,
          nicolae_figureground_pulse
D:2:      layout_basic
D:3:      layout_loops_cross, hellmonk_ecumenical_altar_pennies_from_heaven,
          corexii_hall_statues_x, minmay_misc_feat_alley, uniq_natasha
D:4:      layout_cave_pods, grunt_ministairs_10
D:5:      layout_loops_corners, gammafunk_ghost_abyssal_escape, kennysheep_donut
D:6:      kennysheep_housing_project, layout_gridville,
          minmay_temple_entry_tees, roderic_serpentine_path, minmay_hedge_maze,
          kb_rosetta, uniq_sigmund, uniq_maggie, uniq_menkaure
D:7:      layout_basic, mainiacjoe_overflow_brackets, enter_bailey_3
D:8:      layout_cave_pools, serial_co_window_serial, co_window_corner_a,
          co_window_corner_a, co_window_paths_b, co_window_of_opportunity_a,
          co_window_paths_a, co_window_corner_b, co_window_of_opportunity_c,
          co_window_corner_b, co_window_broadway_c, co_window_corner_ca,
          co_window_broadway_a, glass_columns_a, glass_columns_a,
          glass_columns_a, glass_columns_b, uniq_joseph
D:9:      layout_loops_cross, nicolae_uskayaw_suspiria, lair_entry_dummy
D:10:     layout_roguey, minmay_orc_entry_temple_small, minmay_misc_feat_square,
          minmay_unpleasant_kobolds
D:11:     layout_basic, special_room [special_room_bee],
          minmay_hollow_rounded_squares, uniq_sonja, uniq_fannar
D:12:     layout_small_grid
D:13:     layout_small_grid, uniq_azrael
D:14:     layout_basic, erik_vaults_1, nemelex_altar_shiori
D:15:     gammafunk_depths_entry_grave, layout_long_grid, serial_nicolae_subway,
          nicolae_sub_station_crystal, nicolae_sub_station_metal,
          nicolae_sub_station_stone, uniq_agnes
Temple:   nicolae_temple_slightly_damp_pantheon
Lair:1:   layout_roguey, nzn_sisyphean_effort, uniq_jeremiah
Lair:2:   layout_regular_city, minmay_swamp_entry_worms,
          minmay_snake_entry_guardpost_large, chequers_serial_rivers_small_b,
          chequers_serial_rivers_micro_d, nicolae_quartered_pool_little,
          dreamdust_deal_with_the_devil, serial_bayou_crossing,
          serial_bayou_shore_a, grunt_megastairs_3
Lair:3:   layout_chaotic_city, gammafunk_ghost_ooze, infiniplex_staircase_pool
Lair:4:   layout_regular_city, slime_entry_1, st_stairs_7,
          minmay_lair_oklob_bushes, infiniplex_staircase_pool_2
Lair:5:   minmay_lair_end_frog_pond, layout_long_grid, basic_altar,
          uniq_josephine
Swamp:1:  layout_falls_marsh, evilmike_swamp_ruin_house_3, swamp_pool_3,
          grunt_hermit_hut, nicolae_swamp_long_stream
Swamp:2:  layout_falls_marsh, nicolae_swamp_fairy_circle, uniq_nikola
Swamp:3:  cheibrodos_swamp_mausoleum, layout_falls_marsh, lemuel_altar_in_water,
          nicolae_swamp_necromancy_gone_wrong, uniq_mara
Swamp:4:  swamp_fiery, layout_basic_swamp, swamp_pool_1_2
Snake:1:  layout_layer_cave, nicolae_snake_guarding_the_ruins,
          grunt_megastairs_2, lemuel_fruit_tree, uniq_louise
Snake:2:  gammafunk_its_a_trap, layout_layer_cave, drop_trap, uniq_aizul,
          uniq_saint_roka, uniq_roxanne
Snake:3:  gammafunk_sealed_arena, layout_rooms, basic_altar,
          serial_bayou_shore_b, minmay_shop_star
Snake:4:  grunt_snake_rune_serpentine_throne, layout_cave_town,
          portal_ice_cave_entry_pillars_three, uniq_kirke, uniq_vashnia,
          uniq_mlioglotl
Orc:1:    layout_diamond_mine, serial_shops, shop
Orc:2:    st_orc_open, layout_caves
Elf:1:    eino_elf_arrival_altar, layout_loops_corners, serial_shops,
          nicolae_shop_waterfront, hangedman_elf_disciples,
          nicolae_shop_i_like_small_books_too
Elf:2:    elven_hall_of_blades_hangedman_original
          [nicolae_blade_entry_splitting_headache], layout_gridlike,
          moated_statue
Elf:3:    minmay_elf_hall_furrowed, layout_geoelf_grid, serial_shops,
          nicolae_shop_trees, nicolae_elf_v_pinch
Vaults:1: mu_enter_wizlab_4, v_alt_pattern_5, nicolae_vaults_closet_pinwheel_3,
          nicolae_vaults_lightning_bolt, vaults_room_fours,
          nicolae_vaults_little_squares_4, vaults_dpeg_ring,
          ontoclasm_vaults_ligature, nicolae_vaults_tetromino_T_1,
          ontoclasm_vaults_decontamination, layout_vaults_chaotic_city
Vaults:2: nicolae_vaults_little_squares_6, minmay_crypt_entry_nasty_monster,
          hangedman_vaults_hat, nicolae_vaults_network_periphery,
          nicolae_vaults_little_squares_6, nicolae_vaults_little_squares_4,
          hangedman_vaults_capsules, nicolae_vaults_trapezoid_lopsided_3,
          ontoclasm_vaults_loading_screen, nicolae_vaults_diamond_2,
          nicolae_vaults_museum, hangedman_vaults_stagger,
          ontoclasm_vaults_chip, vaults_standard_mumra_enter_the_diamond,
          layout_vaults_maze_snakey, uniq_bai_suzhen, uniq_norris
Vaults:3: nicolae_vaults_house_1, nicolae_vaults_storage_closets_1,
          hangedman_vaults_nails, vaults_room_corners, v_misc_3,
          ontoclasm_vaults_bender, vaults_mumra_hexcomb,
          nicolae_vaults_diamond_2, nicolae_vaults_alarming,
          layout_vaults_quadrants, nicolae_trove_entry_path_of_doom
Vaults:4: nicolae_vaults_sightless_eye, nicolae_vaults_little_squares_2,
          nicolae_vaults_yaktaur_gun_rack, v_misc_8, v_misc_13,
          nicolae_vaults_quadrants, v_misc_26, hangedman_vaults_slice,
          hangedman_vaults_cutoff, nicolae_vaults_storage_closets_3, v_misc_13,
          nicolae_vaults_little_squares_1, nicolae_vaults_tetromino_Z_1,
          nicolae_vaults_tetromino_L_1, layout_vaults_omnicross
Vaults:5: serial_shops, uniq_sojobo
Depths:1: layout_basic, serial_bayou_lagoon_a,
          nicolae_abyss_entry_one_way_or_another, pf_vacation_house_of_asmodeus,
          minmay_st_funbox, minmay_misc_feat_chi, okawaru_altar_gauntlet_db
Depths:2: minmay_firetagon, layout_basic, hangedman_coc_ice_floe,
          grunt_pan_entry_spiral, serial_bayou_pond_c
Depths:3: thingy_vault, layout_gridlike, enter_ziggurat_e,
          abyss_entry_flame_altar, serial_sigils_hangedman_gut,
          pf_hell_entry_tar_spiral, kennysheep_small_square,
          minmay_staircase_windowed_large, serial_bayou_shore_b
Depths:4: grunt_zot_entry_alcove, layout_cave_shapes, hell_entry,
          minmay_misc_feat_rugged, ebering_ghost_disaster_area,
          minmay_misc_feat_secret_circle, onia_ninara_cookie
Zot:1:    gammafunk_dig_for_victory, layout_onion_interference,
          skrybe_zot_glass_2
Zot:2:    gammafunk_sealed_library, layout_cathedral_of_symmetry,
          hangedman_zot_wheel_spokes
Zot:3:    layout_gridlike, st_grand_hoard_of_tiamat
Zot:4:    layout_misc_corridors, regret_index_zotdec_onion_hex
Zot:5:    layout_concentric_octagons

Skill      XL: |  1  2  3  4  5  6  7  8  9 10 11 12 13 14 15 16 17 18 19 20 21 22 23 24 25 26 |
---------------+-------------------------------------------------------------------------------+-----
Fighting       | 1 2 3 4 6 7 10 12 14 15 17 18 19 20 22 25 | 25.2
Stealth        | 2 8 12 18 24 27 | 27.0
Evocations     | 3 4 6 7 8 10 14 | 14.2
Short Blades   | 1 2 3 4 6 8 9 10 14 | 14.0
Armour         | 2 4 5 6 8 9 11 14 | 14.0
Dodging        | 5 6 9 11 13 14 15 18 20 24 | 24.5
Shields        | 1 4 6 |  6.0
Hexes          | 6 12 15 17 22 27 | 27.0
Ice Magic      | 2 |  2.0
Spellcasting   | 1 3 6 9 |  9.0
Summonings     | 6 8 |  8.0

Action                     |  1- 3 |  4- 6 |  7- 9 | 10-12 | 13-15 | 16-18 | 19-21 | 22-24 | 25-27 || total
---------------------------+-------+-------+-------+-------+-------+-------+-------+-------+-------++-------
  Melee: Club              |    27 |       |       |       |       |       |       |       |       ||    27
         Bite              |    11 |    30 |    39 |   100 |   172 |   131 |   375 |   679 |   256 ||  1793
         Dagger            |   110 |   107 |       |       |       |       |       |       |       ||   217
         Punch             |     2 |     1 |     1 |       |       |       |     2 |       |       ||     6
         Short sword       |       |   150 |   287 |   574 |  1140 |   880 |   171 |       |       ||  3202
         Rapier            |       |       |       |       |       |       |  1039 |    28 |       ||  1067
         Quick blade       |       |       |       |       |       |       |   591 |  3010 |  1130 ||  4731
  Throw: Boomerang         |       |       |     3 |       |       |       |       |       |       ||     3
         Dart              |       |       |     2 |     4 |       |       |       |       |       ||     6
   Cast: Ensorcelled Hiber |       |       |       |    19 |   113 |   209 |    22 |    57 |    20 ||   440
         Confusing Touch   |       |       |       |       |    25 |    27 |     6 |    47 |     9 ||   114
         Summon Mana Viper |       |       |       |       |       |       |     1 |     2 |    11 ||    14
         Discord           |       |       |       |       |       |       |       |    11 |     8 ||    19
         Enfeeble          |       |       |       |       |       |       |       |     9 |    33 ||    42
         Yara's Violent Un |       |       |       |       |       |       |       |     2 |     2 ||     4
         Cause Fear        |       |       |       |       |       |       |       |       |     1 ||     1
 Invoke: Serpent's Lash    |       |       |       |     5 |    22 |    27 |    25 |    42 |    19 ||   140
         Heavenly Storm    |       |       |       |       |     1 |       |     2 |       |     1 ||     4
Ability: Lunge             |       |       |       |    42 |   121 |   131 |   131 |   126 |    34 ||   585
         Whirlwind         |       |       |       |    22 |   127 |    95 |    96 |   293 |   115 ||   748
  Evoke: Wand              |    10 |     4 |     4 |     8 |     1 |    10 |     5 |     6 |     3 ||    51
         Condenser vane    |       |       |       |       |       |     1 |       |       |       ||     1
         Phial of floods   |       |       |       |       |       |     2 |       |       |       ||     2
         Lightning rod     |       |       |       |       |       |       |     4 |     4 |       ||     8
         Phantom mirror    |       |       |       |       |       |       |       |     1 |       ||     1
    Use: Scroll            |     1 |       |     9 |     9 |    13 |     4 |    11 |    16 |    10 ||    73
         Potion            |       |     1 |     1 |     2 |     4 |     3 |     2 |     8 |    14 ||    35
   Stab: Sleeping          |     5 |       |     2 |    35 |   116 |   232 |   122 |    70 |    31 ||   613
         Distracted        |     1 |       |     7 |    15 |    23 |    24 |    31 |    23 |    10 ||   134
         Confused          |       |       |       |       |    34 |    31 |     7 |    55 |    12 ||   139
         Invisible         |       |       |       |       |       |       |       |     7 |     8 ||    15
 Armour: Leather armour    |    70 |     1 |       |       |       |       |       |       |       ||    71
         Plate armour      |       |   208 |    76 |       |       |       |       |       |       ||   284
         Steam dragon scal |       |       |    77 |    12 |       |       |       |       |       ||    89
         Ring mail         |       |       |       |   116 |   237 |   298 |    70 |       |       ||   721
         Pearl dragon scal |       |       |       |       |       |       |   275 |       |       ||   275
         Troll leather arm |       |       |       |       |       |       |   441 |   287 |    85 ||   813
  Dodge: Dodged            |    54 |    17 |    86 |   167 |   404 |   422 |   917 |   879 |   272 ||  3218
  Block: Buckler           |       |       |    49 |    64 |    66 |       |   398 |   383 |   138 ||  1098

Table legend: (Time is in decaauts)
 A = Elapsed time spent in this place.
 B = Non-inter-level travel time spent in this place.
 C = Inter-level travel time spent in this place.
 D = Time resting spent in this place.
 E = Time spent auto-exploring this place.
 F = Levels seen in this place.
 G = Mean time per level.
                   A        B        C        D        E       F      G
               +--------+--------+--------+--------+--------+-----+--------+
         Total |  60367 |  52428 |   7939 |   7411 |  27058 |  52 | 1160.9 |
       Dungeon |  17462 |  14199 |   3263 |   1833 |   8082 |  15 | 1164.1 |
        Temple |     33 |      7 |     26 |      0 |      0 |   1 |   33.0 |
          Lair |   5310 |   4844 |    466 |    551 |   2592 |   5 | 1062.0 |
         Swamp |   3443 |   3230 |    213 |    560 |   1661 |   4 |  860.8 |
     Snake Pit |   6228 |   5609 |    619 |   1070 |   2714 |   4 | 1557.0 |
  Orcish Mines |   1714 |   1525 |    189 |    409 |    620 |   2 |  857.0 |
   Elven Halls |   4280 |   3661 |    619 |    541 |   1658 |   3 | 1426.7 |
        Vaults |   7386 |   6651 |    735 |    394 |   3842 |   5 | 1477.2 |
        Depths |   6425 |   5289 |   1136 |   1051 |   2632 |   4 | 1606.2 |
           Zot |   6364 |   5693 |    671 |    744 |   2872 |   5 | 1272.8 |
         Trove |     50 |     50 |      0 |      0 |     10 |   1 |   50.0 |
        Bailey |    272 |    272 |      0 |     35 |      0 |   1 |  272.0 |
      Ice Cave |    311 |    311 |      0 |     85 |      4 |   1 |  311.0 |
        Wizlab |   1082 |   1082 |      0 |    138 |    370 |   1 | 1082.0 |
               +--------+--------+--------+--------+--------+-----+--------+

Top non-repeatable levels by time:
 Snake:2: 2251 daAuts
Depths:1: 1923 daAuts
Vaults:5: 1920 daAuts
   Elf:3: 1883 daAuts
 Snake:4: 1852 daAuts
Depths:3: 1627 daAuts
   Zot:3: 1606 daAuts
     D:6: 1572 daAuts
Vaults:3: 1554 daAuts
 Swamp:3: 1547 daAuts
     D:2: 1516 daAuts
    D:11: 1465 daAuts
Depths:4: 1461 daAuts
Vaults:1: 1434 daAuts
Depths:2: 1413 daAuts
